 Dungeon Crawl Stone Soup version 0.30-a0-121-gb27577e5d9 (webtiles) character file.

Game seed: 17063526246009267488

5611 ytrimaz the Transmogrifier (level 10, -2/58 (69) HPs)
             Began as an Octopode Transmuter on Sept 15, 2022.
             Was an Initiate of Gozag.
             Killed from afar by a gargoyle (22 damage)
             ... with a stone arrow
             ... on level 9 of the Dungeon.
             The game lasted 00:18:58 (13240 turns).

ytrimaz the Transmogrifier (Octopode Transmuter)   Turns: 13240, Time: 00:18:58

HP:   -2/58 (69)    AC:  9    Str:  9    XL:     10   Next: 73%
MP:   30/31         EV: 10    Int: 21    God:    Gozag
Gold: 261           SH:  0    Dex: 12    Spells: 15/25 levels left

rFire   . . .      SeeInvis .      - Unarmed
rCold   + + +      Faith    .    (shield currently unavailable)
rNeg    . . .      Spirit   .    (helmet currently unavailable)
rPois   +          Reflect  .    i - amulet of regeneration
rElec   +          Harm     .    a - ring of willpower
rCorr   +          Rampage  .    r - ring of magical power
Will    +....                    (no ring)
Stlth   +.........               (no ring)
HPRegen 0.99/turn                (no ring)
MPRegen 0.22/turn                (no ring)
                                 (no ring)
                                 (no ring)

@: mighty, ice-form, resistant, wereblooded, gold aura, hasted, heavily drained,
very quick
A: freezing attack, boosted hp, almost no armour, amphibious, 8 rings, large,
(camouflage 1), (gelatinous body 1), (nimble swimmer 1), (tentacles)
a: End Transformation, Renounce Religion, Potion Petition, Call Merchant, Bribe
Branch


You were on level 9 of the Dungeon.
You worshipped Gozag.
Gozag was aware of your devotion.
You were a creature of crystalline ice.
You visited 2 branches of the dungeon, and saw 10 of its levels.

You collected 1281 gold pieces.
You spent 210 gold pieces at shops.
You paid 810 gold pieces to Gozag.


Innate Abilities, Weirdness & Mutations

You are a creature of crystalline ice.
You have a powerful freezing melee attack.
Your maximum health is increased.
Your armour is entirely melded.
You are incapable of wielding weapons or throwing items.
You cannot wear most types of armour.
You are amphibious.
You can wear up to eight rings at the same time.
((Your skin changes colour to match your surroundings (Stealth+).))
((Your rubbery body absorbs attacks. (AC +1, EV +1)))
((You are camouflaged when in or above water. (Stealth+)))
((You have tentacles for arms and can constrict up to eight enemies at once.))


   Skills:
 - Level 1.0 Fighting
 - Level 2.0 Dodging
 + Level 8.1 Unarmed Combat
 + Level 8.3 Spellcasting
 + Level 9.4 Transmutations
 - Level 4.0 Ice Magic
 - Level 4.0 Poison Magic


You had 15 spell levels left.
You knew the following spells:

 Your Spells              Type           Power      Damage    Failure   Level
a - Beastly Appendage     Tmut           96%        N/A       1%          1
b - Wereblood             Tmut           48%        N/A       1%          2
c - Spider Form           Tmut/Pois      36%        N/A       1%          3
d - Ice Form              Ice/Tmut       36%        N/A       4%          4

Your spell library contained the following spells:

 Spells                   Type           Power      Damage    Failure   Level
 Blink                    Tloc           16%        N/A       12%         2
 Lesser Beckoning         Tloc           8%         N/A       22%         3
 Manifold Assault         Tloc           8%         N/A       58%         4

Inventory:

Missiles
 h - 4 throwing nets
Jewellery
 a - a ring of willpower (left front paw)
   (You found it on level 2 of the Dungeon)
 g - a ring of ice
   (You found it on level 2 of the Dungeon)
 i - an amulet of regeneration (around neck)
   (You found it on level 6 of the Dungeon)
 r - a ring of magical power (right front paw)
   (You found it on level 6 of the Dungeon)
Wands
 m - a wand of mindburst (17)
   (You found it on level 3 of the Dungeon)
Scrolls
 f - 3 scrolls of identify
 o - a scroll of teleportation
 p - a scroll of magic mapping
Potions
 b - 2 potions of mutation
 c - a potion of flight
 d - a potion of attraction
 j - 5 potions of curing
 n - 3 potions of magic

Dungeon Overview and Level Annotations

Branches:
Dungeon (9/15) Zot: 26489  Temple (1/1) D:5 Zot: 5849
   Lair: D:8-11         Orc: D:9-12

Altars:
Ashenzari
Cheibriados
Dithmenos
Elyvilon
Fedhas
Gozag
Hepliaklqana
Kikubaaqudgha
Makhleb
Nemelex Xobeh
Okawaru
Qazlal
Ru
Sif Muna
Trog
Uskayaw
Vehumet
Wu Jian
Xom
Yredelemnul
Zin
The Shining One

Shops:
D:2 (   D:4 !   D:8 *

Annotations:
D:7 Joseph
D:8 2 runed translucent doors, Adrian566's ghost, novice HOMo; Maggie

#.....###...........
#...................
#########...................
#.....##...##...............
#........######.............
#.....#### #.......<.....
#.......## ##............
#######..##### ##...........
##.$$Y9###............
#####o{##...###..####
##o......##.## #
##...#...9.. .
###.#......... ##
#..........###
....o...#......
.....#.........
.....#oo.......


You could see a gargoyle and 2 orcs.


Message History

You hit the orc warrior. You freeze the orc warrior.
The orc warrior closely misses you.
Unknown command.
You barely miss the orc warrior.
The orc wizard is no longer distracted by gold.
The gargoyle is distracted by your dazzling golden aura.
The orc is distracted by your dazzling golden aura.
The orc warrior hits you with a +0 mace! 😕 HP[-10]
You take 10 damage, and now have 46/56 hp.
You punch the orc warrior! You freeze the orc warrior.
You feel a bit better.
You kill the orc warrior!
The gargoyle is no longer distracted by gold.
The orc is no longer distracted by gold.
The orc wizard gestures at you while chanting.
The magic dart hits you. 😕 HP[-1]
You now have 57 max hp (+1).
Unknown command.
You howl as the wereblood boils in your veins!
The orc is distracted by your dazzling golden aura.
The orc wizard closely misses you.
Items here: $ ))) [[. 😕 HP[+1] MP[+1] Unknown command.
You barely miss the orc wizard.
The orc shouts!
The orc is no longer distracted by gold.
The orc wizard casts a spell at you. You resist with almost no effort.
You hear a shout! 😕 HP[+1]
You closely miss the orc wizard.
The orc wizard is distracted by your dazzling golden aura.
You strike the helpless orc wizard from behind!
You punch the orc wizard! You freeze the orc wizard.
You feel a bit better.
You kill the orc wizard!
Unknown command. 😕 HP[+3]
You now have 58 max hp (+1).
You regained 3 hp, and now have 50/58 hp.
The gargoyle hits you with a +0 flail of protection!
The orc barely misses you.
Things that are here:
6 gold pieces; a +0 dagger; a +0 robe; 😮 HP[-13]
You take 13 damage, and now have 37/58 hp.
MASSIVE DAMAGE!! (PAUSE)
You hit the gargoyle but do no damage.
The gargoyle hits you with a +0 flail of protection.
The orc hits you but does no damage. 😮 HP[-4] MP[+1]
You take 4 damage, and now have 33/58 hp.
You hit the gargoyle. You freeze the gargoyle. The gargoyle closely misses you.
The orc barely misses you. 😮 HP[+1]
You hit the gargoyle. You freeze the gargoyle.
The gargoyle hits you with a +0 flail of protection!
* * * LOW HITPOINT WARNING * * *
The orc hits you with a +2 hand axe of pain.
* * * LOW HITPOINT WARNING * * *
Unknown command. 😨 HP[-13]
You take 13 damage, and now have 21/58 hp.
MASSIVE DAMAGE!! (PAUSE)
Okay, then. [a] - 720 gold - brilliance, magic, resistance and invisibility [b] - 140 gold - heal wounds [c] - 690 gold - resistance, invisibility, brilliance and magic Purchase which effect?
You feel much better.
The gargoyle hurls a stone arrow at you.
The stone arrow hits you!
* * * LOW HITPOINT WARNING * * *
The orc is distracted by your dazzling golden aura. 😨 HP[+5]
You regained 5 hp, and now have 26/58 hp. [a] - 105 gold - heal wounds [b] - 576 gold - resistance, might and haste [c] - 120 gold - heal wounds Purchase which effect?
You no longer have enough gold to petition Gozag for potion effects.
You no longer have enough gold to fund merchants seeking to open stores in the dungeon.
You feel protected.
You feel very mighty all of a sudden.
You feel yourself speed up.
The orc shouts!
The gargoyle hits you with a +0 flail of protection!
* * * LOW HITPOINT WARNING * * *
The orc is distracted by your dazzling golden aura.
The orc shouts! 😨 HP[-7]
You take 7 damage, and now have 19/58 hp.
Unknown command.
You hit the gargoyle but do no damage. 😨 MP[+1] Unknown command.
You hit the gargoyle. You freeze the gargoyle.
The gargoyle hurls a stone arrow at you.
The stone arrow hits you!!
You die...
Your body crumbles into a pile of gold.

Skill      XL: |  1  2  3  4  5  6  7  8  9 10 |
---------------+-------------------------------+-----
Poison Magic   | 1 2 4 |  4.0
Transmutations | 3 4 5 6 8 9 |  9.4
Spellcasting   | 3 4 5 7 8 |  8.3
Ice Magic      | 1 2 4 |  4.0
Unarmed Combat | 4 6 8 |  8.1
Fighting       | |  1.0
Dodging        | |  2.0

Action                   |  1- 3 |  4- 6 |  7- 9 | 10-12 || total
-------------------------+-------+-------+-------+-------++-------
Melee: Unarmed           |    77 |   195 |   299 |   158 ||   729
       Kick              |    12 |       |       |       ||    12
       Constrict         |    19 |    16 |     3 |       ||    38
       Punch             |     3 |     1 |       |       ||     4
       Tentacles         |    10 |    14 |     3 |       ||    27
 Cast: Beastly Appendage |    19 |     2 |       |       ||    21
       Spider Form       |     1 |    17 |    12 |     3 ||    33
       Wereblood         |       |     6 |    10 |     8 ||    24
       Ice Form          |       |     2 |    27 |    16 ||    45
Invok: Potion Petition   |       |       |       |     2 ||     2
  Use: Scroll            |     8 |     3 |     6 |     4 ||    21
       Potion            |     2 |     1 |     8 |     2 ||    13
 Stab: Sleeping          |     4 |     4 |       |       ||     8
       Distracted        |     1 |       |     1 |     1 ||     3
Armor: Skin              |     6 |    11 |    57 |    77 ||   151
Dodge: Dodged            |    45 |   138 |   183 |   103 ||   469
Block: Other             |       |    42 |    40 |       ||    82
       Reflection        |       |     2 |     3 |       ||     5

Levels and vault maps discovered:
D:1:      psy_arrival_terrarium, layout_basic, kennysheep_decorative_pillar,
          dreamdust_mushroom_princess
D:2:      layout_basic, basic_altar, serial_shops, nicolae_shop_crystal
D:3:      layout_basic, amcnicky_altar_gilded, nemelex_dance_club_becter,
          hellmonk_ecumenical_altar_watching_god
D:4:      layout_loops_ring, lemuel_round_altar, serial_shops,
          nicolae_stop_n_shop_2
D:5:      layout_loops_ring, nicolae_vehumet_radiance, minmay_temple_entry_waves
D:6:      layout_basic, old_standard_altar, serial_glass, glass_columns_a,
          glass_columns_b, glass_columns_a, glass_columns_a, glass_columns_b,
          glass_columns_b, glass_columns_b, glass_columns_a
D:7:      layout_gridville, uniq_joseph
D:8:      due_megacathedral, layout_basic, minmay_overflow_temple_star_hex,
          serial_shops, shop_statue, gammafunk_ghost_grave,
          kennysheep_generic_room_7, uniq_maggie
D:9:      layout_rooms, dilly_guarded_unrand_devastator
Temple:   nicolae_temple_hex_pool

Notes
Turn   | Place    | Note
-------+----------+-------------------------------------------
     0 | D:1      | ytrimaz the Octopode Transmuter began the quest for the
                  | Orb.
     0 | D:1      | Reached XP level 1. HP: 13/13 MP: 3/3
     0 | D:1      | magus.rc [v1.9.6]
   246 | D:1      | Reached XP level 2. HP: 12/18 MP: 3/5
  1382 | D:2      | Reached XP level 3. HP: 23/23 MP: 6/6
  1385 | D:2      | Learned a level 2 spell: Wereblood
  1389 | D:2      | Learned a level 3 spell: Spider Form
  1523 | D:2      | Found Xomuc's Weapon Shoppe.
  1663 | D:2      | Found a hide-covered altar of Uskayaw.
  1996 | D:2      | Reached skill level 1 in Poison Magic
  1996 | D:2      | HP: 8/34 [poisoned by an adder]
  2322 | D:2      | Gained mutation: You have hidden genetic defects. [potion
                  | of mutation]
  2322 | D:2      | Lost mutation: You have hidden genetic defects. [potion of
                  | mutation]
  2373 | D:2      | Reached skill level 3 in Transmutations
  2907 | D:2      | Reached XP level 4. HP: 28/28 MP: 4/8
  3049 | D:3      | Reached skill level 2 in Poison Magic
  3055 | D:3      | Reached skill level 3 in Spellcasting
  3202 | D:3      | Found a sparkling altar of Nemelex Xobeh.
  3561 | D:3      | Noticed a great orb of eyes
  3568 | D:3      | Noticed a great orb of eyes
  3575 | D:3      | Found a faded altar of an unknown god.
  3576 | D:3      | Noticed a golden eye
  3580 | D:3      | Noticed a floating eye
  3587 | D:3      | Reached XP level 5. HP: 25/33 MP: 9/9
  3779 | D:3      | Found a white marble altar of Elyvilon.
  4193 | D:4      | Found Waxorph's Distillery.
  4211 | D:4      | Reached skill level 3 in Poison Magic
  4240 | D:4      | Bought a potion of magic for 96 gold pieces
  4240 | D:4      | Bought a potion of heal wounds for 60 gold pieces
  4415 | D:4      | Found a blossoming altar of Fedhas.
  4512 | D:4      | Learned a level 4 spell: Ice Form
  4901 | D:4      | Identified the +4 flail of Drought {vamp, rF+}
  4986 | D:4      | Reached skill level 1 in Ice Magic
  4986 | D:4      | Reached skill level 4 in Poison Magic
  4986 | D:4      | Reached XP level 6. HP: 16/38 MP: 5/10
  5600 | D:5      | Entered Level 5 of the Dungeon
  5651 | D:5      | Reached skill level 4 in Transmutations
  5651 | D:5      | Reached skill level 2 in Ice Magic
  5676 | D:5      | Found a radiant altar of Vehumet.
  5890 | D:5      | Reached XP level 7. HP: 42/43 MP: 12/12
  5909 | D:5      | Reached skill level 3 in Ice Magic
  6131 | D:5      | Reached skill level 4 in Spellcasting
  6230 | D:5      | Found a staircase to the Ecumenical Temple.
  6244 | Temple   | Entered the Ecumenical Temple
  6384 | Temple   | Became a worshipper of Gozag Ym Sagoz the Greedy
  6665 | D:5      | You pick up a book of Spatial Translocations and begin
                  | reading...
  6665 | D:5      | You add the spells Blink, Lesser Beckoning and Manifold
                  | Assault to your library.
  7261 | D:6      | Found a glowing golden altar of the Shining One.
  7286 | D:6      | Reached skill level 5 in Transmutations
  7286 | D:6      | Reached skill level 4 in Ice Magic
  7387 | D:6      | Reached XP level 8. HP: 19/48 MP: 11/14
  7647 | D:6      | HP: 11/57 [steam dragon/ball of steam (24)]
  7652 | D:6      | HP: 13/57 [steam dragon] (4)]
  7898 | D:6      | Reached skill level 5 in Spellcasting
  8133 | D:6      | Noticed a yak
  8140 | D:6      | Noticed a yak
  8158 | D:6      | Killed a yak
  8159 | D:6      | Reached skill level 4 in Unarmed Combat
  8159 | D:6      | Reached skill level 6 in Transmutations
  8160 | D:6      | HP: 14/57 [centaur (2)]
  8374 | D:6      | Noticed a yak
  8375 | D:6      | Noticed a yak
  8375 | D:6      | Noticed a yak
  8415 | D:6      | Killed a yak
  8488 | D:6      | Reached XP level 9. HP: 53/53 MP: 17/17
  8732 | D:6      | Reached skill level 5 in Unarmed Combat
  8897 | D:6      | Reached skill level 6 in Spellcasting
  9204 | D:6      | Reached skill level 7 in Transmutations
  9215 | D:6      | HP: 4/62 [yak (13)]
 10104 | D:7      | Reached skill level 6 in Unarmed Combat
 10913 | D:7      | Reached skill level 7 in Spellcasting
 10935 | D:7      | Noticed Joseph
 11010 | D:8      | Reached skill level 8 in Transmutations
 11117 | D:8      | Noticed a hornet
 11126 | D:8      | Found Huho's Assorted Antiques.
 11145 | D:8      | Bought a scroll of identify for 54 gold pieces
 11291 | D:8      | Found a hide-covered altar of Uskayaw.
 11305 | D:8      | Found a runed translucent door.
 11312 | D:8      | Found a sparkling altar of Nemelex Xobeh.
 11339 | D:8      | Found a white marble altar of Elyvilon.
 11409 | D:8      | Reached XP level 10. HP: 58/58 MP: 21/21
 11450 | D:8      | Found a hide-covered altar of Uskayaw.
 11524 | D:8      | Reached skill level 7 in Unarmed Combat
 11616 | D:8      | Found a shimmering altar of Xom.
 11629 | D:8      | Found a sacrificial altar of Ru.
 11779 | D:8      | Noticed Maggie
 11990 | D:8      | Noticed a flayed ghost
 12223 | D:8      | Paralysed by a hornet for 3 turns
 12228 | D:8      | Paralysed by a hornet for 1 turns
 12232 | D:8      | HP: 13/69 [hornet (5)]
 12365 | D:8      | Reached skill level 9 in Transmutations
 12369 | D:8      | Reached skill level 8 in Spellcasting
 12535 | D:8      | Found a stormy altar of Qazlal.
 12540 | D:8      | Found a basalt altar of Yredelemnul.
 12541 | D:8      | Found a bloodstained altar of Trog.
 12571 | D:8      | Found a shimmering blue altar of Sif Muna.
 12575 | D:8      | Found a shadowy altar of Dithmenos.
 12678 | D:8      | Found a runed translucent door.
 12678 | D:8      | Noticed Adrian566's ghost (novice HOMo)
 12843 | D:9      | Reached skill level 8 in Unarmed Combat
 12848 | D:9      | HP: 10/61 [wight/+0 great sword (15)]
 13012 | D:9      | Noticed a gargoyle
 13012 | D:9      | Noticed a two-headed ogre
 13013 | D:9      | Noticed a two-headed ogre
 13163 | D:9      | Noticed a two-headed ogre
 13240 | D:9      | Killed from afar by a gargoyle

Vanquished Creatures
  2 hornets (D:8)
  5 wraiths (D:8)
  6 yaks
  3 steam dragons
  An acid dragon (D:8)
  An orc warrior (D:9)
  2 ice beasts
  An ogre (D:5)
  5 centaurs
  A kobold brigand (D:7)
  2 bullfrogs
  A necrophage (D:5)
  2 gnoll sergeants
  12 wights
  A killer bee (D:9)
  4 howler monkeys
  An orc priest (D:7)
  A hound (D:5)
  2 jellies (D:6)
  A gnoll bouda (D:5)
  5 iguanas
  7 orc wizards
  21 gnolls
  7 adders
  A white imp (D:5)
  An ufetubus (D:4)
  A worm (D:2)
  A dart slug (D:4)
  46 orcs
  7 endoplasms
  3 giant cockroaches
  8 goblins
  11 hobgoblins
  7 jackals
  A quokka (D:2)
  8 ball pythons
  17 bats
  6 frilled lizards
  11 kobolds
  5 rats
228 creatures vanquished.

Vanquished Creatures (collateral kills)
  5 killer bees (D:9)
  An orc wizard (D:9)
6 creatures vanquished.

Vanquished Creatures (others)
  2 withered plants (D:8)
2 creatures vanquished.

Grand Total: 236 creatures vanquished

Table legend:
 A = Non-vault XP
 B = Vault XP
 C = Vault XP percentage of total XP
 D = Non-vault monster count
 E = Vault monster count
 F = Vault count percentage of total count
                 A         B        C        D         E       F
            +---------+---------+-------+---------+---------+-------
      Total |    6727 |    1290 |  16.1 |     225 |       9 |   3.8
            +---------+---------+-------+---------+---------+-------
        D:1 |      33 |       0 |   0.0 |      21 |       0 |   0.0
        D:2 |      49 |       0 |   0.0 |      22 |       0 |   0.0
        D:3 |      83 |       5 |   5.7 |      19 |       2 |   9.5
        D:4 |     231 |       0 |   0.0 |      35 |       0 |   0.0
        D:5 |     554 |       0 |   0.0 |      26 |       0 |   0.0
        D:6 |    2573 |       0 |   0.0 |      24 |       0 |   0.0
        D:7 |     648 |       0 |   0.0 |      30 |       0 |   0.0
        D:8 |    1615 |    1285 |  44.3 |      29 |       7 |  19.4
        D:9 |     941 |       0 |   0.0 |      19 |       0 |   0.0
            +---------+---------+-------+---------+---------+-------

Illustrated notes

Table legend:
 A = Kills in this place as a percentage of kills in entire the game.
 B = Kills by you in this place as a percentage of kills by you in the entire game.
 C = Kills by friends in this place as a percentage of kills by friends in the entire game.
 D = Other kills in this place as a percentage of other kills in the entire game.
 E = Experience gained in this place as a percentage of experience gained in the entire game.
 F = Experience gained in this place divided by the number of levels of this place that you have seen.
                   A       B       C       D       E      F
               +-------+-------+-------+-------+-------+----------------------
         Total | 100.0 | 100.0 | 100.0 |   N/A | 100.0 | 801.7
       Dungeon | 100.0 | 100.0 | 100.0 |   N/A | 100.0 | 890.8
               +-------+-------+-------+-------+-------+----------------------

Table legend: (Time is in decaauts)
 A = Elapsed time spent in this place.
 B = Non-inter-level travel time spent in this place.
 C = Inter-level travel time spent in this place.
 D = Time resting spent in this place.
 E = Time spent auto-exploring this place.
 F = Levels seen in this place.
 G = Mean time per level.
                   A        B        C        D        E       F      G
               +--------+--------+--------+--------+--------+-----+--------+
         Total |  13224 |  12774 |    450 |    697 |   9742 |  10 | 1322.4 |
       Dungeon |  13073 |  12646 |    427 |    697 |   9628 |   9 | 1452.6 |
        Temple |    150 |    127 |     23 |      0 |    114 |   1 |  150.0 |
               +--------+--------+--------+--------+--------+-----+--------+

Top non-repeatable levels by time:
     D:6: 2818 daAuts
     D:8: 1982 daAuts
     D:2: 1583 daAuts
     D:4: 1444 daAuts
     D:1: 1375 daAuts
     D:5: 1348 daAuts
     D:3: 1205 daAuts
     D:7: 967 daAuts
     D:9: 347 daAuts
  Temple: 150 daAuts
